 Dungeon Crawl Stone Soup version 0.30-a0-586-g23e55c9e0a (webtiles) character file.

Game seed: 14465423303055434395

254 wormed the Thaumaturge (level 6, -5/47 HPs)
             Began as a Gnoll Wanderer on Jan 4, 2023.
             Slain by Duvessa
             ... wielding a +0 short sword
              (9 damage)
             ... on level 4 of the Dungeon.
             The game lasted 00:05:16 (3288 turns).

wormed the Thaumaturge (Gnoll Wanderer)             Turns: 3288, Time: 00:05:17

Health: -5/47      AC:  3    Str: 17    XL:     6   Next: 15%
Magic:  16/18      EV: 12    Int: 11    God:
Gold:   191        SH:  0    Dex: 15    Spells: 24/24 levels left

rFire   . . .      SeeInvis .    w - +6 spear "Limyick" {pain, Str+7}
rCold   . . .      Faith    .    (no shield)
rNeg    . . .      Spirit   .    e - +0 robe
rPois   .          Reflect  .    (no helmet)
rElec   .          Harm     .    (no cloak)
rCorr   .          Rampage  .    (no gloves)
Will    .....                    n - +0 pair of boots
Stlth   ++                       (no amulet)
HPRegen 0.27/turn                (no ring)
MPRegen 0.16/turn                (no ring)

@: no status effects
A: fangs 1, strong nose, distributed training
a: no special abilities


You were on level 4 of the Dungeon.
You visited 2 branches of the dungeon, and saw 5 of its levels.

You collected 191 gold pieces.

Inventory:

Hand Weapons
 w - the +6 spear "Limyick" (weapon) {pain, Str+7}
   (You found it on level 2 of the Dungeon)

   In the hands of one skilled in necromantic magic, it inflicts extra damage on
   living creatures.
   Str:       It affects your strength (+7).
Armour
 e - a +0 robe (worn)
 n - a +0 pair of boots (worn)
Wands
 u - a wand of flame (7) (quivered)
Scrolls
 a - a scroll of teleportation
 h - a scroll of identify
Potions
 c - 2 potions of attraction
 d - a potion of curing
 f - 2 potions of mutation
 g - a potion of berserk rage
 k - 2 potions of haste {unknown}
 l - 2 potions of lignification {unknown}
 m - a potion of degeneration {unknown}
 o - a potion of resistance {unknown}
 q - a potion of brilliance {unknown}
 r - 2 potions of ambrosia {unknown}
 t - a potion of heal wounds {unknown}


   Skills:
 + Level 3.2 Fighting
 + Level 1.9 Short Blades
 + Level 1.9 Long Blades
 + Level 1.9 Axes
 + Level 1.9 Maces & Flails
 + Level 1.9 Polearms
 + Level 1.9 Staves
 + Level 1.9 Ranged Weapons
 + Level 6.8 Throwing
 + Level 3.2 Armour
 + Level 1.9 Dodging
 + Level 3.0 Stealth
 + Level 1.9 Shields
 + Level 1.9 Unarmed Combat
 + Level 9.5 Spellcasting
 + Level 1.5 Conjurations
 + Level 1.5 Hexes
 + Level 1.5 Summonings
 + Level 1.5 Necromancy
 + Level 1.5 Translocations
 + Level 1.5 Transmutations
 + Level 1.5 Fire Magic
 + Level 1.5 Ice Magic
 + Level 1.5 Air Magic
 + Level 1.5 Earth Magic
 + Level 1.5 Poison Magic
 + Level 2.1 Invocations
 + Level 1.9 Evocations


You had 24 spell levels left.
You didn't know any spells.
Your spell library contained the following spells:

 Spells                   Type           Power      Damage    Failure   Level
 Sandblast                Erth           16%        2d6       8%          1
 Blink                    Tloc           16%        N/A       11%         2
 Momentum Strike          Conj/Tloc      16%        3d8       11%         2
 Lesser Beckoning         Tloc           16%        N/A       22%         3
 Stone Arrow              Conj/Erth      16%        3d8       22%         3


Dungeon Overview and Level Annotations

Branches:
Dungeon (4/15)             Temple (1/1) D:4

Altars:
Ashenzari
Cheibriados
Elyvilon
Fedhas
Kikubaaqudgha
Nemelex Xobeh
Okawaru
Qazlal
Ru
Uskayaw
Vehumet
Wu Jian
Zin
The Shining One

Annotations:
D:3 3 runed translucent doors, wormed's ghost, amateur GnWn
D:4 Duvessa


Innate Abilities, Weirdness & Mutations

You have very sharp teeth.
Your uncanny sense of smell can sniff out nearby items.
Your experience applies equally to all skills.


Message History

You throw a poisoned dart. The poisoned dart closely misses Dowan.
The poisoned dart closely misses Duvessa.
Unknown command.
You closely miss Dowan.
Dowan is almost dead.
You kill Dowan!
Duvessa screams, "No!
How DARE you!"
Duvessa shakes off her lethargy.
Duvessa goes berserk!
Your Stealth skill increases to level 3!
You have reached level 6!
You reach to attack!
You hit Duvessa.
Duvessa is lightly wounded.
Duvessa hits you with a +0 short sword!
You hit Duvessa.
Duvessa writhes in agony.
You bite Duvessa, but do no damage.
Duvessa is lightly wounded.
Duvessa closely misses you.
You puncture Duvessa!
Duvessa is moderately wounded.
Duvessa hits you with a +0 short sword! x2
* * * LOW HITPOINT WARNING * * *
Aiming: Throw Flame
Press: ? - help, Q - select action Shift-Dir - straight line, f/p - Duvessa
Aim: Duvessa, wielding a +0 short sword and wearing a +0 leather armour of fire resistance (moderately wounded, berserk, 75% to hit)
The puff of flame hits Duvessa.
Duvessa resists.
Duvessa is heavily wounded.
Duvessa hits you with a +0 short sword.
* * * LOW HITPOINT WARNING * * *
Aiming: Throw Flame
Press: ? - help, Q - select action Shift-Dir - straight line, f/p - Duvessa
Aim: Duvessa, wielding a +0 short sword and wearing a +0 leather armour of fire resistance (heavily wounded, berserk, 75% to hit)
The puff of flame misses Duvessa.
Duvessa hits you with a +0 short sword.
* * * LOW HITPOINT WARNING * * *
Duvessa closely misses you.
Aiming: Throw Flame
Press: ? - help, Q - select action Shift-Dir - straight line, f/p - Duvessa
Aim: Duvessa, wielding a +0 short sword and wearing a +0 leather armour of fire resistance (heavily wounded, berserk, 75% to hit)
The puff of flame misses Duvessa.
Duvessa hits you with a +0 short sword!
You die...

..$ #.. ._$.
#(# # .$.$#
#.#.#
....#.##.#.#
+###......#
..e....#(###
.(..e..#.#
########e#
#@# #.# #.#
#.# #.# #.#
#.# #.# #.#


You could see Duvessa (berserk).

Vanquished Creatures
  Dowan (D:4)
  Natasha (thrice) (D:2)
  Terence (D:2)
  Robin (D:2)
  2 adders
  A worm (D:3)
  5 dart slugs
  3 orcs (D:3)
  An endoplasm (D:2)
  2 giant cockroaches
  10 goblins
  8 hobgoblins
  2 jackals (D:3)
  8 kobolds
  3 ball pythons
  2 bats
  6 rats
59 creatures vanquished.

Notes
Turn   | Place    | Note
-------+----------+-------------------------------------------
     0 | D:1      | Reached skill level 9 in Spellcasting
     0 | D:1      | wormed the Gnoll Wanderer began the quest for the Orb.
     0 | D:1      | wormed set off with the following items: a +2 dagger, 4
                  | curare-tipped darts, a potion of attraction, a potion of
                  | curing, a +0 robe; and the following spell memorised:
                  | Sandblast; and the following spells available to memorise:
                  | Stone Arrow.
     0 | D:1      | Reached XP level 1. HP: 17/17 MP: 10/10
   460 | D:1      | Reached XP level 2. HP: 20/23 MP: 12/12
   931 | D:2      | Noticed Terence
   952 | D:2      | Killed Terence
   953 | D:2      | Reached skill level 1 in Invocations
   953 | D:2      | Reached XP level 3. HP: 16/28 MP: 13/13
  1099 | D:2      | Reached skill level 1 in Short Blades
  1099 | D:2      | Reached skill level 1 in Long Blades
  1099 | D:2      | Reached skill level 1 in Axes
  1099 | D:2      | Reached skill level 1 in Maces & Flails
  1099 | D:2      | Reached skill level 1 in Polearms
  1099 | D:2      | Reached skill level 1 in Staves
  1099 | D:2      | Reached skill level 1 in Ranged Weapons
  1099 | D:2      | Reached skill level 1 in Dodging
  1099 | D:2      | Reached skill level 1 in Shields
  1099 | D:2      | Reached skill level 1 in Unarmed Combat
  1099 | D:2      | Reached skill level 1 in Evocations
  1189 | D:2      | Noticed Natasha
  1197 | D:2      | Killed Natasha
  1198 | D:2      | Reached XP level 4. HP: 34/34 MP: 15/15
  1236 | D:2      | Noticed Natasha
  1251 | D:2      | Killed Natasha
  1252 | D:2      | Reached skill level 1 in Conjurations
  1252 | D:2      | Reached skill level 1 in Hexes
  1252 | D:2      | Reached skill level 1 in Summonings
  1252 | D:2      | Reached skill level 1 in Necromancy
  1252 | D:2      | Reached skill level 1 in Translocations
  1252 | D:2      | Reached skill level 1 in Transmutations
  1252 | D:2      | Reached skill level 1 in Fire Magic
  1252 | D:2      | Reached skill level 1 in Ice Magic
  1252 | D:2      | Reached skill level 1 in Air Magic
  1252 | D:2      | Reached skill level 1 in Earth Magic
  1252 | D:2      | Reached skill level 1 in Poison Magic
  1435 | D:2      | Found a faded altar of an unknown god.
  1475 | D:2      | Noticed Robin
  1574 | D:2      | Reached XP level 5. HP: 40/40 MP: 16/16
  1592 | D:2      | Killed Robin
  1753 | D:2      | Noticed Natasha
  1760 | D:2      | Killed Natasha
  1851 | D:2      | Identified the +6 spear "Limyick" {pain, Str+7}
  2306 | D:3      | Found a runed translucent gate.
  2306 | D:3      | Found a runed translucent gate.
  2306 | D:3      | Found a runed translucent gate.
  2368 | D:3      | Noticed wormed's ghost (amateur GnWn)
  2920 | D:4      | Found a staircase to the Ecumenical Temple.
  2966 | D:4      | Found a snail-covered altar of Cheibriados.
  2967 | D:4      | Noticed Duvessa
  2967 | D:4      | Noticed Dowan
  3000 | Temple   | Entered the Ecumenical Temple
  3282 | D:4      | Killed Dowan
  3283 | D:4      | Reached XP level 6. HP: 42/47 MP: 16/18
  3288 | D:4      | Slain by Duvessa

Illustrated notes

Levels and vault maps discovered:
D:1:      scummos_arrival_hexagon, layout_basic
D:2:      layout_basic, nicolae_ecumenical_lake_church, uniq_robin,
          uniq_natasha, uniq_terence
D:3:      layout_basic, serial_rivers, chequers_serial_rivers_micro_b,
          chequers_serial_rivers_large_b, chequers_serial_rivers_small_b,
          chequers_serial_rivers_small_b, chequers_serial_rivers_small_a,
          ebering_ghost_rock_garden, chequers_serial_rivers_micro_b
D:4:      layout_basic, amcnicky_altar_gilded, minmay_temple_entry_offerings,
          uniq_ijyb, uniq_duvessa
Temple:   nicolae_temple_figure_eight

Skill      XL: |  1  2  3  4  5 |
---------------+----------------+-----
Spellcasting   | |  9.5
Invocations    | 1 2 |  2.1
Short Blades   | 1 |  1.9
Long Blades    | 1 |  1.9
Axes           | 1 |  1.9
Maces & Flails | 1 |  1.9
Polearms       | 1 |  1.9
Staves         | 1 |  1.9
Ranged Weapons | 1 |  1.9
Dodging        | 1 |  1.9
Shields        | 1 |  1.9
Unarmed Combat | 1 |  1.9
Evocations     | 1 |  1.9
Conjurations   | 1 |  1.5
Hexes          | 1 |  1.5
Summonings     | 1 |  1.5
Necromancy     | 1 |  1.5
Translocations | 1 |  1.5
Transmutations | 1 |  1.5
Fire Magic     | 1 |  1.5
Ice Magic      | 1 |  1.5
Air Magic      | 1 |  1.5
Earth Magic    | 1 |  1.5
Poison Magic   | 1 |  1.5
Fighting       | 3 |  3.2
Armour         | 3 |  3.2
Stealth        | 3 |  3.0
Throwing       | |  6.8

Action                   |  1- 3 |  4- 6 || total
-------------------------+-------+-------++-------
Melee: Dagger            |    41 |   102 ||   143
       Bite              |     5 |    10 ||    15
       Punch             |     1 |     2 ||     3
       Spear             |       |    45 ||    45
Throw: Dart              |     4 |    27 ||    31
Evoke: Wand              |       |     3 ||     3
  Use: Scroll            |       |     8 ||     8
 Stab: Sleeping          |     5 |     2 ||     7
       Distracted        |     1 |       ||     1
Armor: Robe              |     4 |    32 ||    36
Dodge: Dodged            |    15 |   105 ||   120

Table legend: (Time is in decaauts)
 A = Elapsed time spent in this place.
 B = Non-inter-level travel time spent in this place.
 C = Inter-level travel time spent in this place.
 D = Time resting spent in this place.
 E = Time spent auto-exploring this place.
 F = Levels seen in this place.
 G = Mean time per level.
                   A        B        C        D        E       F      G
               +--------+--------+--------+--------+--------+-----+--------+
         Total |   3268 |   2993 |    275 |      0 |   2468 |   5 |  653.6 |
       Dungeon |   3035 |   2785 |    250 |      0 |   2261 |   4 |  758.8 |
        Temple |    232 |    207 |     25 |      0 |    207 |   1 |  232.0 |
               +--------+--------+--------+--------+--------+-----+--------+

Top non-repeatable levels by time:
     D:2: 1191 daAuts
     D:1: 923 daAuts
     D:3: 762 daAuts
  Temple: 232 daAuts
     D:4: 157 daAuts
